AoeStats
← veron no se rindió

MegaRandom

508137532Analyzed
4v4 RM · 13d ago on Sep 21, 2026· 62m 48s· 8 players
Game mode
Random Map
Map size
Large (8 player)
Population
200
Speed
Normal
Resources
Standard
Victory
Conquest
Starting age
Dark Age
Ending age
Imperial Age
RankedLock teamsTeams togetherTeam positionsShared explorationLock speedFull tech treeHidden civsTurbo modeCheats
Victory
Defeat
🇬🇧 Britons · United Kingdom
705
+11
🇦🇷 Persians · Argentina
667
+12
🇦🇺 Spanish · Australia
661
+12
🇦🇷 Poles · Argentina
626
+15
🇨🇦 Bohemians · Canada
740
-18
🇨🇴 Burgundians · Colombia
609
-13
🇧🇴 Mongols · Bolivia
595
-13
🇵🇪 Spanish · Peru
387
-6
tylergjones11
0:31 Loom
12:08 Feudal Age
16:25 Castle Age
15:15 Double-Bit Axe
15:16 Horse Collar
17:42 Bow Saw
18:29 Stone Mining
19:26 Heavy Plow
27:12 Wheelbarrow
26:34 Fishing Lines
27:01 Gold Mining
28:46 Ballistics
28:22 Murder Holes
28:30 Fletching
29:30 Hand Cart
29:42 Hand Cart
29:25 Gillnets
34:40 Imperial Age
32:21 Bodkin Arrow
32:30 Padded Archer Armor
32:37 Scale Barding Armor
32:43 Forging
35:17 Cavalier
36:11 Bloodlines
35:22 Light Cavalry
36:04 Husbandry
37:34 Arrowslits
38:50 Chemistry
37:50 Pikeman
38:34 Squires
38:20 Arson
37:58 Hussar
39:41 Chain Barding Armor
39:57 Iron Casting
39:22 Bracer
39:20 Halberdier
40:45 Elite Conquistador
41:48 Conscription
42:37 Elite Skirmisher
43:24 Thumb Ring
44:04 Scale Mail Armor
45:55 Leather Archer Armor
46:41 Blast Furnace
45:57 Chain Mail Armor
48:52 Plate Barding Armor
48:50 Ring Archer Armor
Executioner's Bong
5:38 Loom
10:59 Feudal Age
13:35 Double-Bit Axe
17:01 Fletching
18:37 Horse Collar
21:58 Stone Mining
24:14 Castle Age
24:00 Padded Archer Armor
25:47 Bodkin Arrow
26:34 Crossbowman
27:56 Leather Archer Armor
28:00 Gold Mining
28:41 Guard Tower
29:58 Wheelbarrow
31:06 Bow Saw
30:58 Pikeman
31:58 Scale Mail Armor
32:10 Forging
35:53 Yeomen
36:27 Hand Cart
37:28 Ballistics
36:50 Treadmill Crane
40:43 Imperial Age
38:00 Town Watch
41:15 Gold Shaft Mining
41:03 Arbalester
41:46 Bracer
42:49 Chemistry
42:22 Ring Archer Armor
41:32 Halberdier
43:15 Elite Skirmisher
45:30 Conscription
46:18 Iron Casting
45:59 Chain Mail Armor
46:26 Keep
49:30 Two-Man Saw
53:29 Heavy Plow
Thømåssøn II
1:00 Loom
10:21 Feudal Age
11:50 Wheelbarrow
11:44 Town Watch
12:56 Double-Bit Axe
13:42 Horse Collar
26:02 Scale Barding Armor
25:49 Fletching
30:00 Castle Age
28:40 Fishing Lines
30:08 Forging
30:01 Scale Mail Armor
30:45 Heavy Plow
32:27 Hand Cart
33:30 Bow Saw
33:50 Chain Barding Armor
34:18 Pikeman
34:59 Squires
34:45 Arson
34:21 Man-at-Arms
35:32 Fervor
35:41 Bloodlines
35:32 Husbandry
36:09 Gillnets
38:43 Light Cavalry
45:26 Szlachta Privileges
46:41 Herbal Medicine
50:00 Imperial Age
50:21 Cavalier
53:06 Light Cavalry
56:36 Town Patrol
58:13 Iron Casting
64:03 Blast Furnace
veron no se rindió
5:34 Loom
12:06 Feudal Age
14:00 Double-Bit Axe
20:30 Horse Collar
22:23 Gold Mining
27:02 Castle Age
27:10 Stone Mining
28:50 Bow Saw
29:21 Husbandry
31:08 Heavy Plow
35:16 Gold Shaft Mining
35:18 Stone Shaft Mining
40:02 Imperial Age
39:55 Ballistics
39:54 Scale Barding Armor
39:50 Scale Mail Armor
39:47 Cavalier
42:37 Crop Rotation
43:11 Chemistry
43:31 Savar
46:04 Heavy Scorpion
madagascart
0:45 Loom
11:55 Feudal Age
17:30 Castle Age
15:54 Double-Bit Axe
21:51 Bow Saw
25:04 Wheelbarrow
32:18 Imperial Age
30:08 Wagenburg Tactics
30:55 Scale Mail Armor
31:06 Forging
32:11 Fervor
32:14 Town Watch
32:48 Elite Hussite Wagon
34:21 Chain Mail Armor
34:42 Iron Casting
33:59 Fletching
34:10 Padded Archer Armor
34:35 Conscription
36:10 Chemistry
37:14 Ballistics
Jugador08479147
6:21 Double-Bit Axe
12:53 Feudal Age
13:16 Wheelbarrow
13:09 Man-at-Arms
29:41 Castle Age
28:39 Gold Mining
28:44 Stone Mining
30:26 Light Cavalry
34:26 Bow Saw
39:20 Long Swordsman
42:52 Cavalier
51:30 Hand Cart
Raql501
14:01 Feudal Age
20:10 Scale Mail Armor
23:54 Horse Collar
27:44 Castle Age
27:46 Fishing Lines
28:32 Forging
28:53 Thumb Ring
29:11 Chain Mail Armor
29:55 Elite Skirmisher
32:51 Gold Mining
32:54 Stone Mining
39:55 Double-Bit Axe
42:32 Scale Barding Armor
44:57 Chain Barding Armor
47:04 Iron Casting
47:28 Stone Shaft Mining
53:02 Guard Tower
alisonsalazarc
14:14 Feudal Age
17:30 Arson
22:33 Castle Age
22:49 Double-Bit Axe
25:40 Padded Archer Armor
27:48 Scale Barding Armor
29:54 Forging
31:52 Elite Skirmisher
32:39 Thumb Ring
32:46 Gold Mining
32:46 Stone Mining
34:30 Bloodlines
34:22 Husbandry
33:45 Light Cavalry
34:29 Squires
36:10 Gold Shaft Mining
36:11 Stone Shaft Mining
37:03 Fletching
37:15 Scale Mail Armor
43:38 Imperial Age
42:01 Crossbowman
50:40 Hussar
50:43 Cavalier
Connection lost

Rejoining the realm…

Still unreachable

The connection could not be restored.

Session expired

The server has moved on; the page needs a fresh start.